 Dungeon Crawl Stone Soup version 0.30-a0-916-g9813417 (webtiles) character file.

Game seed: 2054026711382686355

5772 Nithhogg the Cleaver (level 10, 0/91 HPs)
             Began as a Hill Orc Fighter on Mar 20, 2023.
             Was a Follower of Qazlal.
             Slain by a killer bee (1 damage)
             ... on level 9 of the Dungeon.
             The game lasted 00:20:05 (10610 turns).

Nithhogg the Cleaver (Hill Orc Fighter)            Turns: 10610, Time: 00:20:06

Health: 0/91       AC: 14    Str: 26    XL:     10   Next: 78%
Magic:  16/16      EV: 11    Int:  8    God:    Qazlal [*.....]
Gold:   13         SH:  1    Dex: 10    Spells: 9/9 levels left

rFire   . . .      SeeInvis +    K - +9 quarterstaff of Demonkind {heavy, *Corrode rN+ Will+ Str+2}
rCold   . . .      Faith    .    (shield currently unavailable)
rNeg    + . .      Spirit   .    R - +0 acid dragon scales
rPois   .          Reflect  .    (no helmet)
rElec   .          Rampage  .    (no cloak)
rCorr   +                        (no gloves)
Will    +....                    B - +1 pair of boots
Stlth   +                        A - amulet of the acrobat
HPRegen 0.35/turn                f - +4 ring of protection
MPRegen 0.15/turn                x - ring of see invisible

@: studying Translocations
A: no striking features
a: Renounce Religion


You were on level 9 of the Dungeon.
You worshipped Qazlal.
Qazlal was aware of your devotion.
You visited 2 branches of the dungeon, and saw 10 of its levels.
You also visited: Sewer.

You collected 648 gold pieces.
You spent 635 gold pieces at shops.

Inventory:

Hand Weapons
 a - a +1 war axe
 y - a +0 flail of venom
 C - a +1 heavy hand axe
 K - the +9 quarterstaff of Demonkind (weapon) {heavy, *Corrode rN+ Will+ Str+2}
   (You found it on level 6 of the Dungeon)

   Str:       It affects your strength (+2).
   rN:        It protects you from negative energy.
   *Corrode:  It may corrode you when you take damage.
   Will:      It increases your willpower.
 L - a +5 spear
 Q - a +0 scimitar of flaming
Armour
 b - a +0 scale mail
 c - a +0 buckler
 B - a +1 pair of boots (worn)
 R - +0 acid dragon scales (worn)
Jewellery
 f - a +4 ring of protection (left hand)
 q - a ring of magical power
 x - a ring of see invisible (right hand)
 A - an amulet of the acrobat (around neck)
 G - a ring of protection from fire
Wands
 I - a wand of quicksilver (9)
 M - a wand of roots (8)
 N - a wand of flame (2) (quivered)
 S - a wand of charming (11)
Scrolls
 i - 8 scrolls of teleportation
 k - 3 scrolls of enchant weapon
 n - 3 scrolls of magic mapping
 o - 3 scrolls of vulnerability
 s - a scroll of noise
 u - a scroll of immolation
 D - 2 scrolls of fog
 F - a scroll of silence
 H - a scroll of amnesia
Potions
 h - 5 potions of curing
 j - 4 potions of attraction
 l - a potion of mutation
 m - 2 potions of ambrosia
 r - a potion of lignification {unknown}
 t - 7 potions of flight
 v - a potion of heal wounds {unknown}
 w - a potion of cancellation {unknown}
 z - 3 potions of brilliance {unknown}
 J - a potion of magic {unknown}
 P - a potion of resistance {unknown}


   Skills:
 + Level 9.3 Fighting
 * Level 13.2 Axes
 + Level 8.4 Armour
 - Level 3.2 Shields
 + Level 9.1 Invocations


You had 9 spell levels left.
You didn't know any spells.
Your spell library contained the following spells:

 Spells                   Type           Power      Damage    Failure   Level
 Necrotise                Necr           0%         1d4       45%         1
 Sting                    Tmut/Pois      0%         1d3       45%         1
 Poisonous Vapours        Pois/Air       0%         N/A       61%         2
 Vampiric Draining        Necr           0%         2d6       83%         3
 Olgreb's Toxic Radiance  Pois           0%         N/A       99%         4
 Summon Lightning Spire   Summ/Air       0%         N/A       99%         4
 Agony                    Necr           0%         N/A       100%        5
 Storm Form               Tmut/Air       0%         N/A       100%        7
 Maxwell's Capacitive Co  Air            0%         ∞         100%        8


Dungeon Overview and Level Annotations

Branches:
Dungeon (9/15)             Temple (1/1) D:7           Sewer (visited)
   Lair: D:8-11         Orc: D:9-12

Altars:
Cheibriados
Dithmenos
Elyvilon
Fedhas
Gozag
Hepliaklqana
Kikubaaqudgha
Makhleb
Nemelex Xobeh
Okawaru
Qazlal
Ru
Sif Muna
Trog
Uskayaw
Vehumet
Wu Jian
Xom
Yredelemnul
Zin
The Shining One

Shops:
D:2 ?   D:8 *=

Annotations:
D:6 1 runed translucent door, MinotaursOnly's ghost, novice MiHu


Message History

The killer bee barely misses your butterfly.
You feel sick.
The killer bee closely misses your butterfly.
The killer bee barely misses your butterfly.
You feel sick.
You feel sick.
You feel sick.
You are no longer poisoned.
Your butterfly disappears in a burst of colours!
The killer bee barely misses you. The killer bee completely misses you.
The killer bee attacks as you move away!
The killer bee completely misses you.
A killer bee comes into view.
The killer bee stings you but does no damage.
You barely miss the killer bee.
The killer bee is moderately wounded.
The killer bee stings you.
* * * LOW HITPOINT WARNING * * *
The killer bee barely misses you.
The killer bee stings you but does no damage.
A killer bee comes into view.
You block the killer bee's attack.
A killer bee comes into view. x3
The killer bee attacks as you move away!
The killer bee stings you.
* * * LOW HITPOINT WARNING * * *
The killer bee buzzes angrily.
You hear an angry buzzing noise.
A killer bee comes into view.
The killer bee completely misses you. x2
There is a stone staircase leading down here.
Okay, then.
(D) Dungeon (T) Temple
Where to? (Enter - D:9, ? - help)
There are monsters nearby!
The killer bee stings you but does no damage.
The killer bee stings you.
* * * LOW HITPOINT WARNING * * *
The killer bee stings you.
You die...

### #.## #.# ###..## ###
#.#####..##.## #.# ##
##.##...###..# ##.########.
##.....## #..######...........
###)....## ##..............##..
##........####..#####...#########
#.........##...§## ##..#
................@#####..#
................yyy.....#
........................##
.............y....b......# ###
.........................# ####..
.............y..##.......###.....
..........yy..y..####.........###
...................####......## .
...y........#..##....#


You could see 8 killer bees.

Vanquished Creatures
  Joseph (D:8)
  Maggie (D:9)
  Sigmund (D:3)
  8 yaks
  Grum (D:7)
  An acid dragon (D:9)
  2 ice beasts (D:7)
  2 orc warriors
  A black bear (D:7)
  A sky beast (D:7)
  An ogre (D:4)
  2 centaurs
  4 wolves
  A phantom (D:5)
  7 bullfrogs
  A kobold brigand (D:7)
  2 gnoll sergeants
  2 scorpions (D:6)
  5 wights
  6 killer bees (D:9)
  7 howler monkeys
  2 quasits (D:5)
  A hound (D:6)
  4 orc priests
  A sleepcap (D:4)
  2 iguanas
  3 orc wizards
  14 gnolls
  14 adders
  4 river rats (Sewer)
  4 white imps
  An ufetubus (D:6)
  2 worms (Sewer)
  3 dart slugs
  27 orcs
  11 ball pythons
  15 bats
  10 endoplasms
  4 giant cockroaches
  10 goblins
  6 hobgoblins
  3 jackals (Sewer)
  9 quokkas
  3 frilled lizards
  10 kobolds
  5 rats
225 creatures vanquished.

Vanquished Creatures (others)
  An orc (D:9)
  2 demonic plants (D:5)
  2 withered plants (D:6)
5 creatures vanquished.

Grand Total: 230 creatures vanquished

Notes
Turn   | Place    | Note
-------+----------+-------------------------------------------
     0 | D:1      | Nithhogg the Hill Orc Fighter began the quest for the Orb.
     0 | D:1      | Reached XP level 1. HP: 19/19 MP: 1/1
   241 | D:1      | Reached skill level 3 in Axes
   307 | D:1      | Reached XP level 2. HP: 26/27 MP: 2/2
   420 | D:1      | Reached skill level 1 in Invocations
   901 | D:2      | Reached XP level 3. HP: 28/33 MP: 2/4
  1152 | D:2      | Reached skill level 4 in Axes
  1198 | D:2      | Reached XP level 4. HP: 35/40 MP: 5/5
  1302 | D:2      | Found Abalytyil's Magic Scroll Shoppe.
  1867 | D:3      | Found a glowing drain.
  1871 | Sewer    | Entered a sewer
  1899 | Sewer    | Reached XP level 5. HP: 47/47 MP: 6/6
  2251 | Sewer    | Reached skill level 5 in Axes
  2720 | D:3      | Noticed Sigmund
  2789 | D:3      | Killed Sigmund
  2790 | D:3      | Reached skill level 5 in Fighting
  2790 | D:3      | Reached skill level 6 in Axes
  2790 | D:3      | Reached XP level 6. HP: 39/56 MP: 8/8
  3244 | D:4      | Reached XP level 7. HP: 52/61 MP: 9/9
  3312 | D:4      | Found a shimmering blue altar of Sif Muna.
  3900 | D:4      | Reached skill level 7 in Axes
  3900 | D:4      | Reached skill level 5 in Armour
  4051 | D:4      | Found a large runed translucent door.
  4052 | D:4      | Found a large runed translucent door.
  4296 | D:4      | Found a white marble altar of Elyvilon.
  4303 | D:4      | Found an opulent altar of Gozag.
  4328 | D:5      | Entered Level 5 of the Dungeon
  4962 | D:5      | Reached XP level 8. HP: 60/70 MP: 11/11
  5107 | D:5      | Reached skill level 5 in Invocations
  5320 | D:6      | Identified the +0 falchion "Rucas" {vamp, Int+2}
  5354 | D:6      | Found a basalt altar of Yredelemnul.
  5620 | D:6      | Identified the +9 quarterstaff of Demonkind {heavy,
                  | *Corrode rN+ Will+ Str+2}
  5664 | D:6      | Reached skill level 8 in Axes
  6215 | D:6      | Found a runed translucent door.
  6215 | D:6      | Noticed MinotaursOnly's ghost (novice MiHu)
  6382 | D:6      | Found a hide-covered altar of Uskayaw.
  6588 | D:6      | Reached skill level 9 in Axes
  6883 | D:7      | Reached XP level 9. HP: 48/79 MP: 13/13
  7204 | D:7      | Reached skill level 10 in Axes
  7515 | D:7      | Found a staircase to the Ecumenical Temple.
  7522 | Temple   | Entered the Ecumenical Temple
  7662 | Temple   | Became a worshipper of Qazlal Stormbringer
  7861 | D:8      | Noticed Grum
  8100 | D:9      | Noticed Maggie
  8118 | D:9      | Killed Maggie
  8411 | D:9      | Reached skill level 11 in Axes
  8475 | D:8      | Noticed Joseph
  8606 | D:8      | Killed Joseph
  8967 | D:7      | Reached XP level 10. HP: 58/89 MP: 15/15
  9131 | D:7      | Reached skill level 12 in Axes
  9648 | D:7      | Killed Grum
  9648 | D:7      | Reached * piety under Qazlal
  9730 | D:8      | Found Laafut's Gadget Gallery.
  9783 | D:8      | Found Rujuyt's Jewellery Shoppe.
  9935 | D:2      | Bought a scroll of acquirement for 520 gold pieces
  9935 | D:2      | Bought a scroll of blinking for 75 gold pieces
  9935 | D:2      | Bought a scroll of identify for 20 gold pieces
  9935 | D:2      | Bought a scroll of identify for 20 gold pieces
  9944 | D:2      | Acquired a manual of Translocations
 10553 | D:9      | Reached skill level 13 in Axes
 10610 | D:9      | HP: 1/91 [killer bee (6)]
 10610 | D:9      | Slain by a killer bee

Illustrated notes

Levels and vault maps discovered:
D:1:      psy_arrival_dodecagon, layout_loops_corners
D:2:      layout_loops_ring, serial_shops, shop, chequers_serial_rivers_small_3,
          minmay_split_cup_small
D:3:      layout_rooms, portal_sewer_entry_e, uniq_sigmund
D:4:      minmay_spotlight, layout_basic, lemuel_crystal_altar,
          jmf_multi_god_temple2, kennysheep_generic_room_7
D:5:      layout_loops_ring, serial_demonic, serial_demonic_g, serial_demonic_c,
          serial_demonic_e, serial_demonic_g
D:6:      layout_basic, mainiacjoe_overflow_alcove_2, lemuel_tele_altar,
          gammafunk_ghost_grave
D:7:      layout_loops_ring, temple_doors_cd, minmay_misc_feat_five
D:8:      layout_rooms, mainiacjoe_overflow_small_starburst, serial_shops,
          nicolae_stop_n_shop_2, minivault_11, nicolae_shop_gadgets, uniq_grum,
          uniq_joseph
D:9:      layout_layer_cave, chequers_serial_rivers_large_a, billiards_dpeg,
          uniq_maggie
Temple:   regret_index_temple_sphere_string

Skill      XL: |  1  2  3  4  5  6  7  8  9 10 |
---------------+-------------------------------+-----
Axes           | 3 4 6 7 9 11 13 | 13.2
Invocations    | 1 2 3 4 6 7 9 |  9.1
Fighting       | 4 5 7 8 9 |  9.3
Armour         | 4 5 6 7 8 |  8.4
Shields        | |  3.2

Action                     |  1- 3 |  4- 6 |  7- 9 | 10-12 || total
---------------------------+-------+-------+-------+-------++-------
  Melee: War axe           |    83 |   185 |    16 |       ||   284
         Punch             |       |     1 |     2 |       ||     3
         Flail             |       |       |   163 |       ||   163
         Quarterstaff      |       |       |   139 |    86 ||   225
  Evoke: Wand              |       |       |    20 |       ||    20
    Use: Scroll            |       |     7 |     6 |    14 ||    27
         Potion            |       |       |     1 |     2 ||     3
 Armour: Scale mail        |    47 |   129 |   338 |       ||   514
         Acid dragon scale |       |       |    26 |    93 ||   119
  Dodge: Dodged            |    46 |   117 |   386 |   119 ||   668
  Block: Buckler           |     2 |       |       |       ||     2
         Other             |       |       |       |     4 ||     4

Table legend: (Time is in decaauts)
 A = Elapsed time spent in this place.
 B = Non-inter-level travel time spent in this place.
 C = Inter-level travel time spent in this place.
 D = Time resting spent in this place.
 E = Time spent auto-exploring this place.
 F = Levels seen in this place.
 G = Mean time per level.
                   A        B        C        D        E       F      G
               +--------+--------+--------+--------+--------+-----+--------+
         Total |  11130 |  10715 |    415 |   2139 |   6472 |  11 | 1011.8 |
       Dungeon |  10033 |   9629 |    404 |   2060 |   5788 |   9 | 1114.8 |
        Temple |    167 |    156 |     11 |      0 |    115 |   1 |  167.0 |
         Sewer |    929 |    929 |      0 |     79 |    568 |   1 |  929.0 |
               +--------+--------+--------+--------+--------+-----+--------+

Top non-repeatable levels by time:
     D:7: 1898 daAuts
     D:5: 1284 daAuts
     D:6: 1277 daAuts
     D:4: 1228 daAuts
     D:9: 1131 daAuts
   Sewer: 929 daAuts
     D:2: 919 daAuts
     D:1: 910 daAuts
     D:3: 705 daAuts
     D:8: 677 daAuts
  Temple: 167 daAuts
